Map: Lerilak Crest

Players

Neuro - Winner!

  • Race: Zerg Zerg

beyoNd

  • Race: Zerg Zerg

VOD

http://www.twitch.tv/neurostarcraft/v/3984988

Description

Time

  • Played on: April 3, 2015, 1:45 p.m.
  • Length: 5:29
Show
View Real Time Build Order
Export as new Build Order

Neuro Zerg - Winner!

Build Orders: Hatch First, Ravager All-In 

Get SALT Encoding   

  12  0:01  Drone  
  13  0:12  Overlord  
  13  0:16  Drone  
  14  0:30  Drone x2  
  14  0:34  Drone  
  17  0:49  Drone  
  18  0:57  Hatchery  
  18  1:00  Drone  
  18  1:08  Extractor  
  18  1:09  Drone  
  18  1:18  Spawning Pool  
  17  1:20  Drone  
  18  1:28  Drone  
  19  1:40  Drone  
  20  1:53  Drone  
  21  2:00  Overlord  
  21  2:08  Queen  
  21  2:09  Metabolic Boost  
  21  2:10  Queen  
  21  2:11  Drone x2  
  27  2:21  Drone x2  
  29  2:27  Roach Warren  
  28  2:31  Drone  
  28  2:34  Drone  
  30  2:42  Drone  
  31  2:50  Drone  
  32  2:54  Overlord x2  
  32  3:10  Roach  
  32  3:11  Roach  
  36  3:15  Roach  
  36  3:19  Roach x4  
  46  3:22  Overlord x2  
  46  3:25  Zergling x4  
  48  3:32  Zergling x6  
  51  3:42  Zergling x4  
  54  3:48  Zergling x8  
  54  3:53  Zergling x8  
  61  4:04  Ravager  
  61  4:06  Zergling x6  
  65  4:10  Ravager  
  65  4:16  Zergling x4  
  65  4:22  Zergling x10  
  66  4:42  Zergling x4  
  66  4:44  Overlord  
  66  4:45  Overlord  
  65  4:49  Ravager  
  60  4:54  Zergling x8  
  61  5:05  Ravager  
  61  5:08  Zergling x4  
  61  5:12  Hatchery  
Show
View Real Time Build Order
Export as new Build Order

beyoNd Zerg 

Build Orders: 2 Base Roach Zergling, Hatch First 

Get SALT Encoding   

  12  0:01  Drone  
  13  0:10  Drone  
  14  0:33  Hatchery  
  13  0:36  Drone  
  14  0:52  Spawning Pool  
  14  0:55  Drone  
  14  1:06  Extractor  
  14  1:07  Drone  
  14  1:09  Overlord  
  14  1:23  Drone, Extractor  
  15  1:30  Drone x2  
  17  1:38  Queen  
  19  1:47  Queen  
  19  1:51  Drone  
  22  1:55  Drone  
  22  1:58  Drone  
  24  2:01  Drone  
  25  2:09  Metabolic Boost  
  25  2:12  Drone  
  26  2:18  Overlord  
  26  2:23  Drone  
  26  2:25  Drone  
  28  2:36  Drone x2  
  30  2:39  Drone x2  
  30  2:44  Overlord  
  32  2:48  Drone x3  
  32  2:51  Drone  
  36  2:56  Evolution Chamber  
  35  3:01  Lair  
  35  3:04  Drone  
  36  3:06  Zergling x2  
  36  3:08  Drone  
  36  3:09  Drone  
  39  3:13  Drone  
  39  3:14  Drone  
  39  3:19  Overlord  
  41  3:22  Zerg Missile Weapons Level 1  
  41  3:23  Drone  
  41  3:26  Extractor x2  
  40  3:28  Drone x2  
  40  3:33  Overlord  
  42  3:34  Drone  
  42  3:35  Drone  
  44  3:41  Roach Warren  
  44  3:45  Overlord  
  44  3:48  Zergling x4  
  44  3:49  Zergling x2  
  44  3:53  Zergling x6  
  48  3:58  Zergling x2  
  48  3:59  Zergling x2  
  48  4:02  Overlord  
  50  4:23  Roach x6  
  59  4:34  Roach x6  
  71  4:42  Roach  
  72  4:47  Overlord  
  72  4:49  Roach  
  68  4:58  Roach x2  
  60  5:05  Roach  
  50  5:11  Zergling x10  
Tags
 
Add a new tag
Caveats
  • Supply blocks, unpowered buildings, or Contaminate may cause inaccurate times.
  • Supply counts are checked every 10 seconds.